AoeStats
← Mhafiki

Arabia

505575506Analyzed
2v2 RM · 22d ago on Sep 10, 2026· 44m 43s· 4 players
Game mode
Random Map
Map size
Medium (4 player)
Population
200
Speed
Normal
Resources
Standard
Victory
Conquest
Starting age
Dark Age
Ending age
Imperial Age
RankedLock teamsTeams togetherTeam positionsShared explorationLock speedFull tech treeHidden civsTurbo modeCheats
Victory
Defeat
🇨🇱 Burmese · Chile
1149
+14
🇿🇦 Ethiopians · South Africa
1058
+18
🇺🇸 Aztecs · United States
1126
-17
🇺🇸 Burgundians · United States
1075
-15
DVaso
10:35 Feudal Age
9:04 Double-Bit Axe
10:28 Loom
10:35 Horse Collar
18:55 Castle Age
17:19 Bow Saw
18:08 Scale Barding Armor
19:25 Forging
19:55 Heavy Plow
19:19 Cavalier
20:46 Husbandry
28:41 Wheelbarrow
29:22 Fletching
32:21 Chain Barding Armor
35:17 Bodkin Arrow
38:03 Imperial Age
40:54 Devotion
43:09 Iron Casting
42:07 Paladin
44:56 Conscription
45:02 Herbal Medicine
Mhafiki
7:49 Loom
10:17 Feudal Age
13:06 Double-Bit Axe
13:02 Horse Collar
19:29 Castle Age
19:12 Forging
20:55 Bow Saw
21:30 Iron Casting
20:18 Eagle Warrior
21:52 Squires
21:56 Scale Mail Armor
King Bili
0:54 Loom
10:30 Feudal Age
20:53 Castle Age
20:20 Horse Collar
20:57 Gold Mining
22:10 Bloodlines
22:00 Husbandry
23:11 Wheelbarrow
22:40 Fletching
26:05 Bodkin Arrow
26:21 Scale Barding Armor
27:24 Town Watch
28:25 Gold Shaft Mining
29:18 Chain Barding Armor
33:33 Ballistics
39:05 Imperial Age
40:17 Conscription
39:19 Pikeman
40:03 Scale Mail Armor
40:13 Forging
40:05 Squires
41:39 Chemistry
41:07 Chain Mail Armor
41:37 Halberdier
42:30 Heavy Plow
45:12 Hand Cart
BaseBuilder
11:28 Feudal Age
16:11 Castle Age
26:58 Arson
27:58 Squires
35:09 Wheelbarrow
Connection lost

Rejoining the realm…

Still unreachable

The connection could not be restored.

Session expired

The server has moved on; the page needs a fresh start.